 Dungeon Crawl Stone Soup version 0.19-a0-2-g57af7d0 (webtiles) character file.

103015 aurelian the Severer (level 15, -17/142 HPs)
             Began as a Deep Dwarf Fighter on Apr 27, 2016.
             Was the Champion of Makhleb.
             Killed from afar by a fire dragon (55 damage)
             ... with a blast of flame
             ... on level 15 of the Dungeon.
             The game lasted 01:47:30 (26162 turns).

aurelian the Severer (Deep Dwarf Fighter)          Turns: 26162, Time: 01:47:31

Health: -17/142    AC: 27    Str: 27    XL:     15   Next: 87%
Magic:  21/21      EV: 16    Int: 17    God:    Makhleb [******]
Gold:   1838       SH:  0    Dex: 15    Spells: 0 memorised, 14 levels left

rFire  . . .     SeeInvis +     a - +4 executioner's axe "Foefoc" {freeze, Str+4 Int+7}
rCold  + . .     Gourm    .     H - +5 chain mail of the Chupacabra {rPois rC+ Dex-2 Slay+2}
rNeg   + . .     Faith    .     (shield currently unavailable)
rPois  +         Spirit   .     L - +1 hat
rElec  .         Dismiss  .     U - +2 cloak
rCorr  .         Reflect  .     F - +1 pair of gloves {Str+3}
SustAt .         Harm     .     (no boots)
MR     ++...     Clarity  +     (no amulet)
Stlth  ..........               n - +3 ring of protection
                                G - ring of see invisible

@: non-regenerating, very resistant to hostile enchantments, extremely
unstealthy
A: damage resistance, recharge devices, camouflage 1, clarity, negative energy
resistance 1, sense surroundings 2, slow regeneration 3
a: Device Recharging, Minor Destruction, Lesser Servant of Makhleb, Major
Destruction, Greater Servant of Makhleb, Renounce Religion


You were on level 15 of the Dungeon.
You worshipped Makhleb.
Makhleb was exalted by your worship.
You were hungry.

You visited 3 branches of the dungeon, and saw 25 of its levels.
You visited the Abyss 1 time.
You also visited: Labyrinth.

You collected 2712 gold pieces.
You spent 874 gold pieces at shops.

Inventory:

Hand Weapons
 a - the +4 executioner's axe "Foefoc" (weapon) {freeze, Str+4 Int+7}
   (You found it on level 8 of the Lair of Beasts)

   It has been specially enchanted to freeze those struck by it, causing extra
   injury to most foes and up to half again as much damage against particularly
   susceptible opponents.
   It can also slow down cold-blooded creatures.
   It affects your strength (+4).
   It affects your intelligence (+7).
 b - a +3 executioner's axe of electrocution
 s - a +0 blowgun
 y - a +2 hand axe of flaming
Missiles
 t - 12 curare-tipped needles
Armour
 F - a +1 pair of gloves of strength (worn)
 H - the +5 chain mail of the Chupacabra (worn) {rPois rC+ Dex-2 Slay+2}
   (You bought it in a shop on level 2 of the Orcish Mines)

   It affects your dexterity (-2).
   It affects your accuracy and damage with ranged weapons and melee attacks
   (+2).
   It protects you from cold.
   It protects you from poison.
 L - a +1 hat (worn)
 U - a +2 cloak (worn)
Jewellery
 c - an uncursed ring of positive energy
 l - a +2 ring of strength
 n - a +3 ring of protection (right hand)
 q - an uncursed ring of poison resistance
 G - a ring of see invisible (left hand)
 R - an uncursed amulet of the gourmand
Wands
 e - a wand of heal wounds (2/9)
 g - a wand of polymorph (12/24)
 h - a wand of acid (6/15)
 k - a wand of iceblast (5/15)
 p - a wand of lightning (6/15)
 w - a wand of lightning (8/15)
 B - a wand of slowing (15/48)
 E - a wand of disintegration (5/24)
 V - a wand of iceblast (6/15)
 Z - a wand of digging (6/24)
Scrolls
 i - 6 scrolls of blinking
 o - 4 scrolls of identify
 r - 7 scrolls of teleportation
 v - 5 scrolls of amnesia
 A - 3 scrolls of remove curse
 K - 7 scrolls of fear
 M - 4 scrolls of enchant armour
 N - 2 scrolls of recharging
 P - 2 scrolls of magic mapping
 Q - a scroll of fog
 W - a scroll of brand weapon
Potions
 d - 3 potions of cancellation
 m - 4 potions of haste
 u - 2 potions of flight
 x - 2 potions of curing
 z - 2 potions of cure mutation
 C - 4 potions of might
 D - 2 potions of ambrosia
 I - a potion of berserk rage
 J - a potion of agility
 T - 5 potions of heal wounds
Comestibles
 f - 18 bread rations
 j - 6 slices of pizza
 O - 4 meat rations
 X - 12 fruits
 Y - 12 royal jellies


   Skills:
 + Level 11.3 Fighting
 * Level 18.1 Axes
 + Level 12.9 Armour
 + Level 12.2 Dodging
   Level 3.2 Shields
 + Level 14.4 Invocations


You had 14 spell levels left.
You didn't know any spells.

Dungeon Overview and Level Annotations

Branches:
Dungeon (15/15)            Temple (0/1) D:6            Lair (8/8) D:10
  Swamp (0/4) Lair:6       Spider (0/4) Lair:4        Slime (0/6) Lair:6
    Orc (2/2) D:10            Elf (0/3) Orc:2        Vaults (0/5) D:14
 Depths (0/5) D:15

Altars:
Ashenzari
Cheibriados
Dithmenos
Elyvilon
Fedhas
Gozag
Makhleb
Okawaru
Pakellas
Qazlal
Sif Muna
Trog
Vehumet
Xom
Zin
The Shining One
Beogh

Shops:
D:8 (   D:14 }   Orc:1 *   Orc:2 *[[!!

Annotations:
Lair:8 exclusion: ice statue


Innate Abilities, Weirdness & Mutations

You are resistant to damage.
You can recharge devices by infusing magical energy.
You resist negative energy.
You passively map the area around you.
You do not regenerate naturally.
Your skin changes colour to match your surroundings (Stealth).
You possess an exceptional clarity of mind.


Message History

The fire dragon breathes flames at you. The blast of flame hits you!
You closely miss the fire dragon.
The fire dragon is severely wounded.
The fire dragon bites you but does no damage.
The fire dragon claws you.
The fire dragon tramples you but does no damage.
The fire dragon bites you!
* * * LOW HITPOINT WARNING * * *
The fire dragon misses you. The fire dragon closely misses you.
You slash the fire dragon! You freeze the fire dragon.
The fire dragon is almost dead.
The fire dragon bites you.
The fire dragon claws you but does no damage.
The fire dragon barely misses you.
You closely miss the fire dragon.
The fire dragon is almost dead.
The fire dragon breathes flames at you. The blast of flame hits you!
You die...

#....#.......# #....
#....###....## #....
#....# #....# ###....
#....###....# #......
#....#.'....# #......
#....#.#....# #......
#....#.#....# ###....
####....#....).## #....
####...........)@..###
#....
.....##########.D....#
##### .....#* $$$
##.8..## #. .....#
,..D..##...#############.
.....#> #.....##
#.........#. .....##
,....D##### #.<.......#)
......## $$$.*#...#
#....<....'(
##.....#########.##
#.........##
##......###......#
#.........#


You could see a fire dragon.

Vanquished Creatures
  Gastronok (Lair:2)
  Nessos (Lair:8)
  A minotaur (Lab)
  A fire dragon (D:15)
  10 hydras
  Erolcha (D:9)
  A death knight (D:11)
  3 ogre magi
  Erica (Lair:2)
  15 death yaks
  3 catoblepae (Lair:8)
  2 centaur warriors (D:15)
  A tengu warrior (D:11)
  2 deep trolls (Orc:2)
  An unseen horror (D:14)
  8 hill giants
  2 wizards
  An orc sorcerer (Orc:2)
  A deep elf mage (D:13)
  12 ugly things
  3 griffons
  2 manticores
  10 cyclopes
  An octopode (shapeshifter) (D:14)
  4 centaur zombies
  A gargoyle (D:14)
  3 black mambas
  A spiny frog (shapeshifter) (D:11)
  A centaur skeleton (D:15)
  2 rime drakes
  A kobold demonologist (D:11)
  18 spiny frogs
  A freezing wraith (D:14)
  4 komodo dragons
  11 trolls
  2 tengu conjurers (D:14)
  A queen bee (Lair:5)
  4 polar bears
  10 two-headed ogres
  A giant leech (Lair:6)
  A hornet zombie (D:15)
  3 blink frogs (Lair:5)
  5 slime creatures (D:13)
  A boulder beetle (Lair:8)
  A centaur simulacrum (D:14)
  A spriggan (D:10)
  2 vampires
  6 basilisks
  A wraith (D:11)
  2 wyverns
  7 humans (Lair:1)
  58 yaks
  3 hungry ghosts
  8 hippogriffs
  4 vampire mosquitoes
  4 wargs
  Menkaure (D:4)
  Edmund (D:6)
  6 mottled dragons
  A soldier ant (D:12)
  A swamp worm (Lair:6)
  2 hell hounds (D:10)
  10 porcupines
  13 water moccasins
  18 orc warriors
  A swamp drake (D:10)
  3 black bears
  10 ice beasts
  A sky beast (D:15)
  A wasp (D:14)
  2 phantoms (D:9)
  26 ogres
  10 centaurs
  3 eyes of draining
  16 wolves
  8 crocodiles
  A big kobold (shapeshifter) (D:13)
  2 big kobolds
  20 giant frogs
  A wyvern zombie (D:12)
  A water moccasin zombie (D:8)
  2 scorpions
  44 killer bees
  16 wights
  2 electric eels
  7 crimson imps
  3 giant frog zombies
  A quasit (D:10)
  9 hounds
  16 jellies
  13 orc priests
  26 orc wizards
  4 giant frog skeletons
  Jessica (Lair:1)
  7 iguanas
  Crazy Yiuf (D:7)
  Natasha (thrice) (D:2)
  7 worker ants
  22 sheep
  3 hound skeletons
  Robin (D:4)
  2 worker ant zombies
  15 gnolls
  20 adders
  55 river rats
  2 shadow imps
  A white imp (Lair:8)
  An ooze (D:1)
  2 adder zombies
  An adder skeleton (D:7)
  3 worms
  A dart slug (D:2)
  6 giant geckos
  92 orcs
  10 giant cockroaches
  14 goblins
  10 hobgoblins
  16 jackals
  5 quokkas
  A ball python (D:7)
  16 bats
  6 giant newts
  18 kobolds
  A quokka skeleton (D:8)
  9 rats
  8 fungi
  A plant (Lair:3)
  A starspawn tentacle (Abyss:2)
  A starspawn tentacle segment (Abyss:2)
921 creatures vanquished.

Vanquished Creatures (collateral kills)
  Rupert (Orc:2)
  The ghost of edsrzf the Bludgeoner, a journeyman OgFE of Cheibriados (Orc:2)
  Maud (Lair:6)
  An ice dragon (Lair:8)
  2 catoblepae
  2 death yaks (Lair:8)
  3 black mambas
  A rime drake (Lair:7)
  A spiny frog (Lair:6)
  A komodo dragon (Lair:8)
  A boulder beetle (Lair:8)
  3 yaks
  A basilisk (Lair:6)
  A hippogriff (Lair:4)
  A warg (Orc:2)
  A water moccasin (Lair:1)
  A porcupine (Lair:1)
  A wolf (Lair:7)
  3 crocodiles
  2 giant frogs
  A scorpion (Lair:4)
  2 jellies (Lair:6)
  2 sheep
  4 river rats (Lair:4)
  An orc (Orc:2)
39 creatures vanquished.

Vanquished Creatures (others)
  A troll (Orc:2)
  10 fungi
  A lurking horror (Abyss:2)
  9 plants
  4 starspawn tentacles (Abyss:2)
  259 starspawn tentacle segments (Abyss:2)
284 creatures vanquished.

Grand Total: 1244 creatures vanquished

Notes
Turn   | Place    | Note
--------------------------------------------------------------
     0 | D:1      | aurelian the Deep Dwarf Fighter began the quest for the Orb.
     0 | D:1      | Reached XP level 1. HP: 20/20 MP: 1/1
   163 | D:1      | Reached skill level 3 in Axes
   205 | D:1      | Reached XP level 2. HP: 20/27 MP: 2/2
   569 | D:1      | Reached XP level 3. HP: 21/33 MP: 3/3
   806 | D:2      | Noticed Natasha
   809 | D:1      | Reached skill level 4 in Axes
  1283 | D:2      | Found a faded altar to an unknown god.
  1362 | D:2      | Killed Natasha
  1362 | D:2      | Reached skill level 5 in Axes
  1362 | D:2      | Reached XP level 4. HP: 37/40 MP: 4/4
  1431 | D:2      | Found a glowing golden altar of the Shining One.
  1678 | D:2      | Noticed Natasha
  1685 | D:2      | Killed Natasha
  1766 | D:2      | Noticed Natasha
  1779 | D:2      | Killed Natasha
  1779 | D:2      | Reached XP level 5. HP: 24/46 MP: 5/5
  2094 | D:3      | Reached skill level 6 in Axes
  2143 | D:3      | Found an oddly glowing altar of Pakellas.
  3041 | D:4      | Noticed an ogre
  3048 | D:4      | Killed an ogre
  3048 | D:4      | Reached XP level 6. HP: 49/56 MP: 6/6
  3210 | D:4      | Noticed Robin
  3282 | D:4      | Found an opulent altar of Gozag.
  3440 | D:4      | Killed Robin
  3487 | D:4      | Noticed Menkaure
  3508 | D:4      | Killed Menkaure
  3508 | D:4      | Reached skill level 7 in Axes
  3596 | D:4      | Reached XP level 7. HP: 59/64 MP: 7/7
  3650 | D:4      | Found a blossoming altar of Fedhas.
  4131 | D:5      | Entered Level 5 of the Dungeon
  4151 | D:5      | Found a white marble altar of Elyvilon.
  4152 | D:5      | Found an iron altar of Okawaru.
  4154 | D:5      | Found a burning altar of Makhleb.
  4160 | D:5      | Became a worshipper of Makhleb the Destroyer
  4253 | D:5      | Found a radiant altar of Vehumet.
  4479 | D:5      | Found a snail-covered altar of Cheibriados.
  4481 | D:5      | Found a stormy altar of Qazlal.
  4502 | D:5      | Found a bloodstained altar of Trog.
  4515 | D:5      | Reached skill level 1 in Invocations
  4549 | D:5      | Found a shattered altar of Ashenzari.
  4584 | D:5      | Reached * piety under Makhleb
  4584 | D:5      | Reached skill level 8 in Axes
  5146 | D:5      | Reached skill level 5 in Fighting
  5146 | D:5      | Reached XP level 8. HP: 61/74 MP: 9/9
  5230 | D:6      | Noticed Edmund
  5252 | D:6      | Killed Edmund
  5269 | D:6      | Gained mutation: Your skin changes colour to match your surroundings (Stealth). [potion of mutation]
  5315 | D:6      | Reached skill level 5 in Armour
  5414 | D:6      | Reached skill level 9 in Axes
  5470 | D:6      | Found a staircase to the Ecumenical Temple.
  5486 | D:6      | Found a glowing silver altar of Zin.
  6045 | D:7      | Reached skill level 1 in Dodging
  6245 | D:7      | You fall through a shaft!
  6348 | D:8      | Reached ** piety under Makhleb
  6571 | D:7      | Gained mutation: You passively map the area around you. [Deep Dwarf growth]
  6571 | D:7      | Reached XP level 9. HP: 75/81 MP: 12/12
  6745 | D:7      | Noticed Crazy Yiuf
  6756 | D:7      | Killed Crazy Yiuf
  6790 | D:7      | Reached skill level 10 in Axes
  7015 | D:7      | Found a shadowy altar of Dithmenos.
  7368 | D:8      | Reached skill level 5 in Invocations
  7452 | D:8      | Found Qafavvuc's Antique Weapon Shoppe.
  7607 | D:8      | Reached *** piety under Makhleb
  7623 | D:8      | Noticed a troll
  7637 | D:8      | Killed a troll
  8235 | D:9      | Noticed a troll
  8241 | D:9      | Reached skill level 11 in Axes
  8269 | D:9      | Killed a troll
  8352 | D:9      | Noticed Erolcha
  8379 | D:9      | Killed Erolcha
  8379 | D:9      | Reached XP level 10. HP: 29/92 MP: 14/14
  8498 | D:9      | Noticed a wizard
  8508 | D:9      | Cast into level 2 of the Abyss (a wizard)
  8532 | Abyss:2  | Noticed an orange demon
  8535 | Abyss:2  | Noticed a tentacled starspawn
  8544 | Abyss:2  | Noticed a thrashing horror
  8552 | Abyss:2  | Noticed an Executioner
  8555 | Abyss:2  | Noticed a worldbinder
  8558 | Abyss:2  | Noticed a guardian serpent
  8588 | Abyss:3  | Noticed an orc sorcerer
  8590 | Abyss:3  | Noticed a spatial maelstrom
  8649 | Abyss:3  | Noticed a thrashing horror
  8661 | Abyss:3  | Noticed a starcursed mass
  8687 | Abyss:3  | Noticed a large abomination
  8691 | Abyss:3  | Found a corrupted altar of Lugonu.
  8751 | Abyss:3  | Noticed a wizard
  8764 | D:9      | Escaped the Abyss
  8777 | D:9      | Killed a wizard
  8777 | D:9      | Reached skill level 5 in Dodging
  8783 | D:9      | Reached **** piety under Makhleb
  9044 | D:9      | Found a deep blue altar of Sif Muna.
  9393 | D:10     | Entered Level 10 of the Dungeon
  9626 | D:10     | Reached skill level 12 in Axes
  9662 | D:10     | Reached ***** piety under Makhleb
 10015 | D:10     | Found a staircase to the Orcish Mines.
 10118 | D:10     | Found a shattered altar of Ashenzari.
 10118 | D:10     | Found a staircase to the Lair.
 10223 | D:10     | Reached XP level 11. HP: 82/100 MP: 15/15
 10650 | Lair:1   | Entered Level 1 of the Lair of Beasts
 11527 | Lair:1   | Noticed Jessica
 11530 | Lair:1   | Reached skill level 13 in Axes
 11602 | Lair:1   | Killed Jessica
 11967 | Lair:2   | Reached ****** piety under Makhleb
 12015 | Lair:2   | Noticed Gastronok
 12044 | Lair:2   | Killed Gastronok
 12142 | Lair:2   | Noticed a seven-headed hydra
 12155 | Lair:2   | Killed a one-headed hydra
 12155 | Lair:2   | Reached XP level 12. HP: 106/110 MP: 17/17
 12218 | Lair:2   | Noticed Erica
 12235 | Lair:2   | Killed Erica
 12884 | Lair:3   | Noticed a seven-headed hydra
 12899 | Lair:3   | Killed a two-headed hydra
 12899 | Lair:3   | Reached skill level 10 in Invocations
 13107 | Lair:3   | Noticed a six-headed hydra
 13127 | Lair:3   | Killed a one-headed hydra
 13127 | Lair:3   | Reached skill level 14 in Axes
 13809 | Lair:4   | Noticed a catoblepas
 13821 | Lair:4   | Killed a catoblepas
 13980 | Lair:4   | Found a hole to the Spider Nest.
 14079 | Lair:4   | Identified Heyfru Xuta's Incunabulum of Earthen Poisoning
 14510 | Lair:5   | Noticed a death yak
 14510 | Lair:5   | Noticed a death yak
 14510 | Lair:5   | Noticed a death yak
 14511 | Lair:5   | Noticed a death yak
 14511 | Lair:5   | Noticed a death yak
 14541 | Lair:4   | Killed a death yak
 14668 | Lair:5   | Reached skill level 10 in Armour
 14878 | Lair:5   | Reached XP level 13. HP: 121/121 MP: 19/19
 15202 | Lair:5   | Reached skill level 15 in Axes
 15680 | Lair:6   | Identified a scroll of acquirement
 15747 | Lair:6   | Found a staircase to the Slime Pits.
 16117 | Lair:6   | Found a staircase to the Swamp.
 16117 | Lair:6   | Noticed Maud
 16134 | Lair:6   | Killed Maud
 17068 | Lair:7   | Reached skill level 10 in Dodging
 17402 | Lair:8   | Entered Level 8 of the Lair of Beasts
 17940 | Lair:8   | Reached skill level 16 in Axes
 18022 | Lair:8   | Gained mutation: You resist negative energy. [Deep Dwarf growth]
 18022 | Lair:8   | Reached XP level 14. HP: 62/130 MP: 20/20
 18214 | Lair:8   | Noticed Nessos
 18220 | Lair:8   | Killed Nessos
 18252 | Lair:8   | Reached skill level 10 in Fighting
 19298 | Lair:8   | Got a jewelled executioner's axe
 19299 | Lair:8   | Identified the +4 executioner's axe "Foefoc" {freeze, Str+4 Int+7} (You found it on level 8 of the Lair of Beasts)
 19569 | Orc:1    | Entered Level 1 of the Orcish Mines
 19671 | Orc:1    | Found Plog's Assorted Antiques.
 19773 | Orc:1    | Gained mutation: You possess an exceptional clarity of mind. [potion of beneficial mutation]
 20023 | Orc:1    | Found a roughly hewn altar of Beogh.
 20310 | Orc:2    | Entered Level 2 of the Orcish Mines
 20591 | Orc:2    | Paralysed by an ogre mage for 4 turns
 20612 | Orc:2    | Reached skill level 17 in Axes
 20628 | Orc:2    | Found Jomeetug's Distillery.
 20629 | Orc:2    | Found Ubodon's Armour Emporium.
 20633 | Orc:2    | Found Nihoguh's Distillery.
 20642 | Orc:2    | Found Bopaqic's Antique Armour Emporium.
 20740 | Orc:2    | Bought a potion of heal wounds for 65 gold pieces
 20740 | Orc:2    | Bought a potion of haste for 130 gold pieces
 20750 | Orc:2    | Bought a scorched chain mail for 332 gold pieces
 20750 | Orc:2    | Bought a pair of embroidered gloves for 157 gold pieces
 20751 | Orc:2    | Identified the +5 chain mail of the Chupacabra {rPois rC+ Dex-2 Slay+2} (You bought it in a shop on level 2 of the Orcish Mines)
 20803 | Orc:2    | Noticed edsrzf's ghost (journeyman OgFE)
 20817 | Orc:2    | Found a staircase to the Elven Halls.
 20824 | Orc:2    | Found Tennuibb's Assorted Antiques.
 20824 | Orc:2    | Killed edsrzf's ghost
 20847 | Orc:2    | Bought a smoking emerald amulet for 95 gold pieces
 20847 | Orc:2    | Bought a scroll labeled LIJAWYT SUST for 19 gold pieces
 20847 | Orc:2    | Bought a long wooden wand for 76 gold pieces
 20848 | Orc:2    | Identified the amulet "Nicitimn" {Inacc Int+4} (You bought it in a shop on level 2 of the Orcish Mines)
 20900 | Orc:2    | Noticed Rupert
 20909 | Orc:2    | Killed Rupert
 21263 | D:11     | Reached XP level 15. HP: 120/140 MP: 20/20
 22173 | D:12     | Found a labyrinth entrance.
 22188 | Lab      | Entered a labyrinth
 24471 | D:14     | Found a glowing silver altar of Zin.
 24569 | D:14     | Found Feanoum's Gadget Emporium.
 24734 | D:14     | Found an oddly glowing altar of Pakellas.
 24792 | D:14     | Got a fine chain mail
 24915 | D:14     | Found a gate to the Vaults.
 24986 | D:14     | You fall through a shaft!
 24986 | D:15     | Entered Level 15 of the Dungeon
 25059 | D:15     | Found a shimmering altar of Xom.
 25549 | D:15     | Reached skill level 18 in Axes
 25715 | D:11     | Identified the cursed +0 chain mail of Reason {rPois Str+3 Dex-4 Stlth+} (You found it on level 14 of the Dungeon)
 26162 | D:15     | Killed from afar by a fire dragon

Vault maps used:
D:1:      dpeg_arrival_yet_another_circle, hangedman_decor_opposing
D:2:      tso_altar, ecumenical_altar_1, uniq_natasha
D:3:      overflow_temple_1_default
D:4:      fedhas_altar_3, st_stairs_14, grunt_gozag_statues, uniq_robin,
          uniq_menkaure
D:5:      vehumet_altar_wand_db, grunt_temple_overflow_open,
          gammafunk_temple_overflow_forgotten, trog_eyes_of_draining,
          first_bread
D:6:      lemuel_doored_altar, minmay_temple_entry_trees, minmay_bad_closet,
          uniq_edmund
D:7:      nicolae_dithmenos_through_a_glass_darkly, uniq_crazy_yiuf_cottage
D:8:      serial_shops, nicolae_shop_overgrown_old_shop
D:9:      lemuel_blue_sif_altar, uniq_erolcha
D:10:     minmay_lair_entry_lava, erik_orc_1, basic_altar, the_bakery,
          lightli_minifort
D:11:     hangedman_cross_veins
D:12:     lab_entry_generic
D:13:     kennysheep_decorative_pillar
D:14:     david_vaults_4, serial_shops, shop, zin_angel, grunt_pakellas_basics
D:15:     grunt_enter_depths_hoard, hangedman_abyss_or_decor_passed, basic_altar
Lair:1:   erik_1
Lair:2:   serial_bayou_shore_a, lemuel_fruit_tree, uniq_gastronok, uniq_erica
Lair:3:   beast_lair_carwin_8
Lair:4:   nicolae_spider_entry_non_spiders, st_stairs_8
Lair:5:   infiniplex_staircase_pool_2
Lair:6:   minmay_swamp_entry_worms, minmay_slime_entry_jelly_boxes,
          lemuel_fruit_fields, infiniplex_staircase_pool, grunt_megastairs_3,
          uniq_maud
Lair:8:   evilmike_catoblepas_cave, ice2_lemuel, uniq_nessos
Orc:1:    nicolae_orc_accident_2, serial_shops, shop, mines5_lemuel
Orc:2:    st_orc_open, serial_shops, shop_coins, special_room, uniq_rupert
Lab:      labyrinth_watery, nicolae_lab_dead_end, nicolae_lab_stuck,
          nicolae_lab_quarters, nicolae_lab_checkerboard

Skill      XL: |  1  2  3  4  5  6  7  8  9 10 11 12 13 14 15 |
---------------+----------------------------------------------+-----
Axes           | 3 5 6 7 8 9 11 12 13 14 16 17 18 | 18.1
Fighting       | 3 4 5 6 7 8 9 10 11 | 11.3
Armour         | 4 5 6 7 9 10 11 12 | 12.9
Invocations    | 2 4 6 7 9 10 12 13 14 | 14.4
Dodging        | 2 4 6 7 9 10 11 12 | 12.2
Shields        | |  3.2

Action                   |  1- 3 |  4- 6 |  7- 9 | 10-12 | 13-15 || total
-------------------------+-------+-------+-------+-------+-------++-------
Melee: War axe           |   133 |     5 |     4 |    12 |       ||   154
       Hand axe          |       |   143 |   486 |   323 |    87 ||  1039
       Battleaxe         |       |       |       |   795 |   147 ||   942
       Broad axe         |       |       |       |       |   469 ||   469
       Executioner's axe |       |       |       |       |   666 ||   666
 Fire: Hunting sling     |       |    24 |    52 |       |       ||    76
Throw: Stone             |    10 |    60 |     6 |       |       ||    76
Invok: Minor Destruction |       |       |    50 |    20 |    65 ||   135
       Lesser Servant of |       |       |       |     5 |    45 ||    50
 Abil: Device Recharging |       |       |       |     2 |     2 ||     4
Evoke: Wand              |     1 |     3 |    13 |    19 |    17 ||    53
  Use: Scroll            |     3 |     4 |     8 |    13 |    17 ||    45
       Potion            |     2 |       |     4 |     5 |     3 ||    14
 Stab: Sleeping          |     1 |       |       |       |       ||     1
       Confused          |       |       |       |     1 |       ||     1
       Invisible         |       |       |       |     7 |       ||     7
       Distracted        |       |       |       |     3 |    14 ||    17
  Eat: Chunk             |     2 |     7 |    17 |    22 |    42 ||    90
       Royal jelly       |       |       |       |     1 |     1 ||     2
       Fruit             |       |       |       |     1 |       ||     1
       Beef jerky        |       |       |       |       |     1 ||     1
       Pizza             |       |       |       |       |     1 ||     1
Armor: Scale mail        |    97 |    59 |     3 |       |       ||   159
       Chain mail        |       |       |   203 |   618 |   635 ||  1456
Dodge: Dodged            |    71 |    61 |   156 |   734 |   936 ||  1958
